 Dungeon Crawl Stone Soup version 0.27-a0-522-g46bbb28828 (webtiles) character file.

Game seed: 15079354107350190169

21 jasper the Vexing (level 2, -2/21 HPs)
             Began as a Demonspawn Arcane Marksman on Mar 4, 2021.
             Slain by an orc
             ... wielding a +0 flail
              (4 damage)
             ... on level 3 of the Dungeon.
             The game lasted 00:03:06 (1317 turns).

jasper the Vexing (Demonspawn Arcane Marksman)      Turns: 1317, Time: 00:03:07

Health: -2/21      AC:  3    Str:  8    XL:     2   Next: 62%
Magic:  3/3        EV: 10    Int: 16    God:
Gold:   26         SH:  8    Dex: 13    Spells: 2/3 levels left

rFire    + . .     SeeInvis .   f - +0 dagger
rCold    . . .     Faith    .   b - +0 buckler
rNeg     . . .     Spirit   .   e - +0 leather armour
rPois    .         Reflect  +   (no helmet)
rElec    .         Harm     .   (no cloak)
rCorr    .         Rampage  .   (no gloves)
Will     .....                  (no boots)
Stlth    +.........             d - amulet of reflection
HPRegen  0.00/turn              (no ring)
MPRegen  0.08/turn              (no ring)

@: no status effects
A: fire resistance 1, inhibited regeneration, weak 1, wild magic 1, big brain 1
a: no special abilities


You were on level 3 of the Dungeon.
You visited 1 branch of the dungeon, and saw 3 of its levels.

You collected 26 gold pieces.

Inventory:

Hand Weapons
 f - a +0 dagger (weapon)
Missiles
 c - 8 stones (quivered)
Armour
 a - a +0 robe
 b - a +0 buckler (worn)
 e - a +0 leather armour (worn)
Jewellery
 d - an amulet of reflection (around neck)


   Skills:
 - Level 1.0 Fighting
 + Level 3.0 Throwing
 - Level 1.7 Dodging
 - Level 1.0 Spellcasting
 - Level 3.0 Hexes


You had 2 spell levels left.
You knew the following spells:

 Your Spells              Type           Power        Failure   Level
a - Corona                Hex            14%          22%         1

Your spell library contained the following spells:

 Spells                   Type           Power        Failure   Level
 Slow                     Hex            13%          32%         2
 Inner Flame              Hex/Fire       7%           73%         3
 Portal Projectile        Hex/Tloc       14%          73%         3
 Cause Fear               Hex            6%           89%         4
 Leda's Liquefaction      Hex/Erth       3%           98%         4


Dungeon Overview and Level Annotations

Branches:
Dungeon (3/15)

Altars:

Annotations:
D:2 Sigmund


Innate Abilities, Weirdness & Mutations

You have an unusually large brain. (Int +2)
Your flesh is heat resistant. (rF+)
You do not regenerate when monsters are visible.
You are weak. (Str -2)
Your spells are a little harder to cast, but a little more powerful.


Message History

Your Throwing skill increases to level 3!
Found 15 gold pieces.
It was a potion of mutation.
You feel extremely strange.
You feel weaker.
Your regeneration stops near monsters.
You feel less in control of your magic.
You feel resistant to heat. The orc hits you with a +0 flail.
You take 1 damage, and have 16/21 hp.
You closely miss the orc. You block the orc's attack.
You hit the orc.
The orc is lightly wounded.
The orc closely misses you.
You hit the orc but do no damage.
The orc is lightly wounded.
An orc comes into view.
The orc shouts!
You hear a shout!
An orc comes into view. It is wielding a +0 dagger.
An orc comes into view. It is wielding a +0 trident.
The orc shouts!
An orc comes into view.
An orc comes into view.
The orc priest mumbles some strange prayers to Beogh against you.
Beogh smites you!
You take 9 damage, and have 7/21 hp.
MASSIVE DAMAGE!!
Found 15 gold pieces.
You aren't carrying any potions.
As you read the scroll labelled ZOAWKO NYIM KEE, it crumbles to dust.
You assume a fearsome visage.
The orc priest looks frightened!
The orc looks frightened!
It was a scroll of fear.
As you read the scroll labelled ETUNOSS XAYZED, it crumbles to dust.
The scroll dissolves into smoke.
It was a scroll of fog.
You block the orc's attack.
You barely miss the orc. The orc barely misses you.
You hit the orc but do no damage. You hit the orc but do no damage.
The orc hits you with a +0 flail.
* * * LOW HITPOINT WARNING * * *
You take 6 damage, and have 2/21 hp.
MASSIVE DAMAGE!!
You barely miss the orc.
You feel a little less clever now. The orc hits you with a +0 flail.
You die...

#.#)#.#.# #.
#<.#.#.#. #.##
###.#.#.#.#.#.#
#.#.#.#.#.#$## .
##.#.#.#.#.#.#
.o###.#.#.#.#o#.##
...oo#.#.#.#.#ยง#.#
####..#o#.#.#.#o##
#.#.#.#.#.#.#@#
#..oo.#########
#######


You could see an orc.

Vanquished Creatures
  An orc (D:3)
  A ball python (D:1)
  3 goblins
  3 jackals (D:1)
  A bat (D:2)
  3 frilled lizards
  3 kobolds
  5 rats
20 creatures vanquished.

Notes
Turn   | Place    | Note
-------+----------+-------------------------------------------
     0 | D:1      | jasper the Demonspawn Arcane Marksman began the quest for
                  | the Orb.
     0 | D:1      | Reached XP level 1. HP: 15/15 MP: 2/2
   399 | D:1      | Gained mutation: You have an unusually large brain. (Int
                  | +2) [demonic ancestry]
   399 | D:1      | Reached XP level 2. HP: 21/21 MP: 3/3
  1202 | D:2      | Noticed Sigmund
  1289 | D:3      | Gained mutation: You are weak. (Str -2) [potion of
                  | mutation]
  1289 | D:3      | Gained mutation: You do not regenerate when monsters are
                  | visible. [potion of mutation]
  1289 | D:3      | Gained mutation: Your spells are a little harder to cast,
                  | but a little more powerful. [potion of mutation]
  1289 | D:3      | Gained mutation: Your flesh is heat resistant. (rF+)
                  | [potion of mutation]
  1317 | D:3      | Slain by an orc

Illustrated notes

Levels and vault maps discovered:
D:1:      dpeg_arrival_simpleton_c, layout_rooms, grunt_decor_mini_mirrors
D:2:      layout_loops_corners, minmay_misc_feat_nine_boxes,
          nemelex_lonely_heart_becter, uniq_natasha, uniq_sigmund, uniq_jessica
D:3:      layout_basic, nemelex_altar_shiori, minivault_23

Skill      XL: |  1  2 |
---------------+-------+-----
Throwing       | 2 3 |  3.0
Fighting       | |  1.0
Dodging        | |  1.7
Spellcasting   | |  1.0
Hexes          | |  3.0

Action                   || total
-------------------------++-------
Melee: Unarmed           ||    31
       Dagger            ||    20
Throw: Javelin           ||    15
       Throwing net      ||     3
       Stone             ||    24
  Use: Scroll            ||     2
       Potion            ||     2
 Stab: Held in net/web   ||     1
       Sleeping          ||     1
Armor: Robe              ||     4
       Leather armour    ||     7
Dodge: Dodged            ||    35
Block: Buckler           ||    13

Table legend: (Time is in decaauts)
 A = Elapsed time spent in this place.
 B = Non-inter-level travel time spent in this place.
 C = Inter-level travel time spent in this place.
 D = Time resting spent in this place.
 E = Time spent auto-exploring this place.
 F = Levels seen in this place.
 G = Mean time per level.
                   A        B        C        D        E       F      G
               +--------+--------+--------+--------+--------+-----+--------+
         Total |   1326 |   1326 |      0 |    227 |    654 |   3 |  442.0 |
       Dungeon |   1326 |   1326 |      0 |    227 |    654 |   3 |  442.0 |
               +--------+--------+--------+--------+--------+-----+--------+

Top non-repeatable levels by time:
     D:2: 685 daAuts
     D:1: 598 daAuts
     D:3: 42 daAuts
